 Dungeon Crawl Stone Soup version 0.30-a0-629-gd54f4be4f7 (webtiles) character file.

Game seed: 14994953408658616346

56 Dirtsage the Changer (level 3, -4/23 HPs)
             Began as an Octopode Transmuter on Jan 12, 2023.
             Slain by a gnoll
             ... wielding a +0 spear
              (7 damage)
             ... on level 2 of the Dungeon.
             The game lasted 00:02:03 (1179 turns).

Dirtsage the Changer (Octopode Transmuter)          Turns: 1179, Time: 00:02:03

Health: -4/23      AC:  1    Str:  9    XL:     3   Next: 95%
Magic:  4/6        EV: 13    Int: 17    God:
Gold:   49         SH:  0    Dex: 12    Spells: 3/6 levels left

rFire   . . .      SeeInvis .      - Unarmed
rCold   . . .      Faith    .    (no shield)
rNeg    . . .      Spirit   .    (helmet currently unavailable)
rPois   .          Reflect  .    (no amulet)
rElec   .          Harm     .    (no ring)
rCorr   .          Rampage  .    (no ring)
Will    .....                    (no ring)
Stlth   ++                       (no ring)
HPRegen 0.23/turn                (no ring)
MPRegen 0.10/turn                (no ring)
                                 (no ring)
                                 (no ring)

@: appendages (expiring), wereblooded (expiring)
A: tentacle spike 3, almost no armour, amphibious, 8 rings, camouflage 1,
gelatinous body 1, (nimble swimmer 1), tentacles
a: End Transformation


You were on level 2 of the Dungeon.
One of your tentacles had grown a beastly spike.
You visited 1 branch of the dungeon, and saw 2 of its levels.

You collected 49 gold pieces.

Inventory:

Scrolls
 b - a scroll of butterflies {unknown}
 c - a scroll of silence {unknown}
 d - 3 scrolls of blinking {unknown}
 e - a scroll of noise {unknown}
 g - a scroll of teleportation {unknown}
 h - 2 scrolls of identify {unknown}
 k - a scroll of vulnerability {unknown}
Potions
 a - 2 potions of lignification
 f - a potion of curing {unknown}
 i - a potion of berserk rage {unknown}
 j - a potion of degeneration {unknown}
 l - a potion of cancellation {unknown}


   Skills:
 - Level 1.0 Fighting
 - Level 2.0 Dodging
 - Level 3.0 Unarmed Combat
 - Level 2.0 Spellcasting
 * Level 3.2 Transmutations
 * Level 2.3 Ice Magic


You had 3 spell levels left.
You knew the following spells:

 Your Spells              Type           Power      Damage    Failure   Level
a - Beastly Appendage     Tmut           24%        N/A       5%          1
b - Wereblood             Tmut           12%        N/A       8%          2

Your spell library contained the following spells:

 Spells                   Type           Power      Damage    Failure   Level
 Spider Form              Tmut/Pois      7%         N/A       30%         3
 Ice Form                 Ice/Tmut       11%        N/A       52%         4


Dungeon Overview and Level Annotations

Branches:
Dungeon (2/15)

Altars:


Innate Abilities, Weirdness & Mutations

One of your tentacles has grown a beastly spike.
You cannot wear most types of armour.
You are amphibious.
You can wear up to eight rings at the same time.
Your skin changes colour to match your surroundings (Stealth+).
Your rubbery body absorbs attacks. (AC +1, EV +1)
((You are camouflaged when in or above water. (Stealth+)))
You have tentacles for arms and can constrict up to eight enemies at once.


Message History

You squeeze the gnoll.
You feel a bit better.
You kill the gnoll!
Your Transmutations skill increases to level 3!
Your Ice Magic skill increases to level 2!
You regained 3 hp, and now have 19/23 hp.
Things that are here:
a +0 spear; a gnoll corpse Your transformation is almost over.
You howl as the wereblood boils in your veins!
The gnoll shouts!
You hear a shout!
A gnoll comes into view. It is wielding a +0 spear.
You howl as the wereblood boils in your veins!
You howl as the wereblood boils in your veins!
Your tentacle spike disappears.
You howl as the wereblood boils in your veins!
Casting: Wereblood (safe; 9% risk of failure)
Confirm with . or Enter, or press ? or * to list all spells.
One of your tentacles grows a vicious spike.
You now have 4/6 mp.
The gnoll hits you from afar with a +0 spear.
The gnoll closely misses you.
The gnoll hits you from afar with a +0 spear.
You take 5 damage, and have 17/23 hp.
MASSIVE DAMAGE!!
You tentacle-slap the gnoll. Your grab misses the gnoll. You squeeze the gnoll!
You feel a bit better.
You kill the gnoll!
The gnoll closely misses you.
You regained 2 hp, and now have 19/23 hp.
You tentacle-slap the gnoll. You grab the gnoll.
You pierce the gnoll.
The gnoll is heavily wounded.
Your primal bloodlust is almost over.
You constrict the gnoll, but do no damage.
The gnoll hits you from afar with a +0 spear!
The gnoll hits you with a +0 club.
* * * LOW HITPOINT WARNING * * *
You take 17 damage, and have 2/23 hp.
MASSIVE DAMAGE!!
You tentacle-slap the gnoll.
You pierce the gnoll.
You feel a bit better.
You kill the gnoll!
The gnoll hits you from afar with a +0 spear!
You die...

.#########.†....## .##
#####...###.#
..###...........#
#...#.###...######
###.#.#........... #+#
............########.# ##
....###.#...# ##..#####..##
....# #...### ####...........#
....# ###..## #.@)..♣..>..♣..g
....######..###.##g..........#
....##...##..##.)##†.#####..##
....##...###..##.###.#
....##......#..#.#.#+#
.......#.##.##...#.#
....##.#.#.......#.# #
.....#.#.#..##.#.#.#.#.#
###.##.#.#..##.#.#.....#


You could see a gnoll.

Vanquished Creatures
  3 gnolls (D:2)
  4 ball pythons (D:1)
  6 bats
  3 endoplasms
  2 giant cockroaches
  2 goblins (D:1)
  3 hobgoblins
  A quokka (D:1)
  2 frilled lizards (D:1)
  5 kobolds
  3 rats
34 creatures vanquished.

Notes
Turn   | Place    | Note
-------+----------+-------------------------------------------
     0 | D:1      | Dirtsage the Octopode Transmuter began the quest for the
                  | Orb.
     0 | D:1      | Reached XP level 1. HP: 13/13 MP: 3/3
   173 | D:1      | Reached skill level 1 in Ice Magic
   173 | D:1      | Reached XP level 2. HP: 18/18 MP: 5/5
   606 | D:1      | Reached XP level 3. HP: 22/23 MP: 6/6
   616 | D:1      | Learned a level 2 spell: Wereblood
  1179 | D:2      | Slain by a gnoll

Illustrated notes

Levels and vault maps discovered:
D:1:      roderic_chinese_lattice_arrival, layout_loops_cross, serial_glass,
          glass_columns_a, glass_columns_b, glass_columns_b, glass_columns_a,
          glass_columns_a, minmay_pentomino_q2
D:2:      cheibrodos_greedy_goblins, layout_basic, minmay_misc_feat_ornament,
          grunt_ministairs_15, uniq_jessica

Skill      XL: |  1  2  3 |
---------------+----------+-----
Ice Magic      | 1 2 |  2.3
Transmutations | 3 |  3.2
Fighting       | |  1.0
Dodging        | |  2.0
Unarmed Combat | |  3.0
Spellcasting   | |  2.0

Action                   || total
-------------------------++-------
Melee: Unarmed           ||    67
       Constrict         ||    19
       Tentacles         ||    15
       Kick              ||     8
       Punch             ||     2
 Cast: Beastly Appendage ||    13
       Wereblood         ||     1
 Stab: Sleeping          ||     9
Armor: Skin              ||     4
Dodge: Dodged            ||    58

Table legend: (Time is in decaauts)
 A = Elapsed time spent in this place.
 B = Non-inter-level travel time spent in this place.
 C = Inter-level travel time spent in this place.
 D = Time resting spent in this place.
 E = Time spent auto-exploring this place.
 F = Levels seen in this place.
 G = Mean time per level.
                   A        B        C        D        E       F      G
               +--------+--------+--------+--------+--------+-----+--------+
         Total |   1175 |   1161 |     14 |      0 |    899 |   2 |  587.5 |
       Dungeon |   1175 |   1161 |     14 |      0 |    899 |   2 |  587.5 |
               +--------+--------+--------+--------+--------+-----+--------+

Top non-repeatable levels by time:
     D:1: 697 daAuts
     D:2: 478 daAuts
